 Dungeon Crawl Stone Soup version 0.30-a0-632-g346586fe48 (webtiles) character file.

Game seed: 13709615709528121899

37 wormed the Shield-Bearer (level 3, 0/28 HPs)
             Began as a Gnoll Wanderer on Jan 13, 2023.
             Killed from afar by Natasha (10 damage)
             ... with a magic dart
             ... on level 2 of the Dungeon.
             The game lasted 00:01:43 (1138 turns).

wormed the Shield-Bearer (Gnoll Wanderer)           Turns: 1138, Time: 00:01:43

Health: 0/28       AC:  4    Str: 10    XL:     3   Next: 41%
Magic:  4/4        EV: 10    Int: 11    God:
Gold:   126        SH:  7    Dex: 14    Spells: 3/3 levels left

rFire   . . .      SeeInvis .    h - +0 dagger (drain)
rCold   . . .      Faith    .    b - +2 buckler
rNeg    . . .      Spirit   .    e - +0 leather armour
rPois   .          Reflect  .    (no helmet)
rElec   .          Harm     .    (no cloak)
rCorr   .          Rampage  .    (no gloves)
Will    .....                    c - +0 pair of boots
Stlth   ++                       j - amulet of regeneration
HPRegen 1.04/turn                (no ring)
MPRegen 0.09/turn                (no ring)

@: no status effects
A: fangs 1, strong nose, distributed training
a: no special abilities


You were on level 2 of the Dungeon.
You visited 1 branch of the dungeon, and saw 3 of its levels.

You collected 126 gold pieces.

Inventory:

Hand Weapons
 a - a +0 short sword
 h - a +0 dagger of draining (weapon)
Missiles
 i - 3 javelins (quivered)
Armour
 b - a +2 buckler (worn)
 c - a +0 pair of boots (worn)
 e - a +0 leather armour (worn)
Jewellery
 j - an amulet of regeneration (around neck)
Scrolls
 l - a scroll of butterflies {unknown}
 m - a scroll of blinking {unknown}
Potions
 d - a potion of attraction


   Skills:
 + Level 2.6 Fighting
 + Level 4.5 Short Blades
 + Level 0.8 Long Blades
 + Level 0.8 Axes
 + Level 0.8 Maces & Flails
 + Level 0.8 Polearms
 + Level 0.8 Staves
 + Level 0.8 Ranged Weapons
 + Level 2.6 Throwing
 + Level 2.6 Armour
 + Level 0.8 Dodging
 + Level 4.1 Stealth
 + Level 6.5 Shields
 + Level 0.8 Unarmed Combat
 + Level 0.8 Spellcasting
 + Level 0.5 Conjurations
 + Level 0.5 Hexes
 + Level 0.5 Summonings
 + Level 0.5 Necromancy
 + Level 0.5 Translocations
 + Level 0.5 Transmutations
 + Level 0.5 Fire Magic
 + Level 0.5 Ice Magic
 + Level 0.5 Air Magic
 + Level 0.5 Earth Magic
 + Level 0.5 Poison Magic
 + Level 1.0 Invocations
 + Level 0.8 Evocations


You had 3 spell levels left.
You didn't know any spells.
Your spell library contained the following spells:

 Spells                   Type           Power      Damage    Failure   Level
 Slow                     Hex            4%         N/A       41%         1
 Confusing Touch          Hex            1%         N/A       78%         3
 Vampiric Draining        Necr           1%         2d6       78%         3


Dungeon Overview and Level Annotations

Branches:
Dungeon (3/15)

Altars:

Annotations:
D:2 Natasha


Innate Abilities, Weirdness & Mutations

You have very sharp teeth.
Your uncanny sense of smell can sniff out nearby items.
Your experience applies equally to all skills.


Message History

Natasha claws you.
You hit Natasha but do no damage. You drain Natasha.
Natasha is moderately wounded.
Natasha casts a spell at you. The magic dart hits you!
You are too injured to fight recklessly!
You hit Natasha. Your bite misses Natasha.
Natasha is moderately wounded.
You barely miss Natasha.
Natasha is moderately wounded.
Natasha closely misses you.
You closely miss Natasha.
Natasha is moderately wounded.
Natasha claws you.
* * * LOW HITPOINT WARNING * * *
You hit Natasha but do no damage.
Natasha is moderately wounded.
You block Natasha's attack.
You closely miss Natasha.
Natasha is moderately wounded.
You block Natasha's attack.
You barely miss Natasha. Your bite misses Natasha.
Natasha is moderately wounded.
Natasha stares at you and mumbles some strange words.
The magic dart hits you!
* * * LOW HITPOINT WARNING * * *
As you read the scroll labelled LAPIEDW PEJU, it crumbles to dust.
You hear a loud clanging noise!
It was a scroll of noise.
Natasha claws you.
* * * LOW HITPOINT WARNING * * *
It was a potion of curing.
You feel better.
Natasha wildly gestures.
You feel disoriented. Natasha claws you but does no damage.
As you read the scroll labelled PIHULATSYI, it crumbles to dust.
It is a scroll of amnesia.
You feel forgetful for a moment.
Natasha stares at you and mumbles some strange words.
The magic dart hits you!
You die...

#########
#.......#
#@#####.# #h#
#.#######
#.#####.......####
#.#.....#...#...<.
#.#.###......#####
#.#.###.#...##
#.......##.##
###.######.# #.#


You could see Natasha (very drained).

Vanquished Creatures
  An adder (D:3)
  2 dart slugs (D:1)
  5 endoplasms
  A giant cockroach (D:1)
  2 goblins
  2 hobgoblins (D:1)
  5 ball pythons
  A bat (D:2)
  A frilled lizard (D:1)
  A kobold (D:2)
  2 rats
23 creatures vanquished.

Notes
Turn   | Place    | Note
-------+----------+-------------------------------------------
     0 | D:1      | wormed the Gnoll Wanderer began the quest for the Orb.
     0 | D:1      | wormed set off with the following items: a +0 short sword,
                  | a +2 buckler, a +0 pair of boots, a potion of attraction, a
                  | +0 leather armour.
     0 | D:1      | Reached XP level 1. HP: 17/17 MP: 1/1
   208 | D:1      | Reached XP level 2. HP: 23/23 MP: 2/2
   877 | D:2      | You fall into a shaft and drop 1 floor!
   897 | D:3      | Reached XP level 3. HP: 28/28 MP: 2/4
   983 | D:2      | Reached skill level 1 in Invocations
  1124 | D:2      | Noticed Natasha
  1138 | D:2      | Killed from afar by Natasha

Illustrated notes

Levels and vault maps discovered:
D:1:      erik_arrival_blinker_ship, layout_basic, hangedman_decor_peaks_small
D:2:      layout_loops_corners, hellmonk_ecumenical_altar_defaced_shrine,
          serial_shops, nicolae_shop_waterfront, uniq_natasha
D:3:      layout_basic

Skill      XL: |  1  2  3 |
---------------+----------+-----
Invocations    | 1 |  1.0
Fighting       | |  2.6
Short Blades   | |  4.5
Long Blades    | |  0.8
Axes           | |  0.8
Maces & Flails | |  0.8
Polearms       | |  0.8
Staves         | |  0.8
Ranged Weapons | |  0.8
Throwing       | |  2.6
Armour         | |  2.6
Dodging        | |  0.8
Stealth        | |  4.1
Shields        | |  6.5
Unarmed Combat | |  0.8
Spellcasting   | |  0.8
Conjurations   | |  0.5
Hexes          | |  0.5
Summonings     | |  0.5
Necromancy     | |  0.5
Translocations | |  0.5
Transmutations | |  0.5
Fire Magic     | |  0.5
Ice Magic      | |  0.5
Air Magic      | |  0.5
Earth Magic    | |  0.5
Poison Magic   | |  0.5
Evocations     | |  0.8

Action                   || total
-------------------------++-------
Melee: Short sword       ||    13
       Dagger            ||    47
       Bite              ||     4
  Use: Scroll            ||     2
       Potion            ||     1
 Stab: Sleeping          ||     9
Armor: Leather armour    ||     9
Dodge: Dodged            ||    17
Block: Buckler           ||    16

Table legend: (Time is in decaauts)
 A = Elapsed time spent in this place.
 B = Non-inter-level travel time spent in this place.
 C = Inter-level travel time spent in this place.
 D = Time resting spent in this place.
 E = Time spent auto-exploring this place.
 F = Levels seen in this place.
 G = Mean time per level.
                   A        B        C        D        E       F      G
               +--------+--------+--------+--------+--------+-----+--------+
         Total |   1125 |   1125 |      0 |      0 |    939 |   3 |  375.0 |
       Dungeon |   1125 |   1125 |      0 |      0 |    939 |   3 |  375.0 |
               +--------+--------+--------+--------+--------+-----+--------+

Top non-repeatable levels by time:
     D:1: 869 daAuts
     D:2: 157 daAuts
     D:3: 98 daAuts
